 Dungeon Crawl Stone Soup version 0.17.0-22-g5edae84 (webtiles) character file.

249 septik the Ruffian (level 6, -6/56 HPs)
             Began as a Naga Fighter on Nov 12, 2015.
             Killed by divine providence
             ... invoked by an orc priest
              (11 damage)
             ... on level 4 of the Dungeon.
             The game lasted 00:05:54 (3219 turns).

septik the Ruffian (Naga Fighter)                   Turns: 3219, Time: 00:05:54

Health: -6/56      AC:  2    Str: 20    XL:     6   Next: 12%
Magic:  6/6        EV:  7    Int:  8    God:
Gold:   96         SH:  8    Dex: 11    Spells: 0 memorised, 5 levels left

rFire  . . .     SeeInvis +       - Unarmed
rCold  . . .     Clarity  .     (no armour)
rNeg   . . .     SustAt   .     b - +0 shield
rPois  +         Gourm    .     (no helmet)
rElec  .         Spirit   .     (no cloak)
rCorr  .         Warding  .     (no gloves)
rMut   .         Stasis   .     (no barding)
MR     .....                    (no amulet)
Stlth  +.........               (no ring)
                                (no ring)

@: very slow, not resistant to hostile enchantments, very unstealthy
A: see invisible, deformed body, poison resistance, slowness 2, slow metabolism
1, spit poison 2, AC +2
a: Spit Poison


You were on level 4 of the Dungeon.
You were hungry.

You visited 1 branch of the dungeon, and saw 6 of its levels.

You collected 96 gold pieces.

Inventory:

Hand Weapons
 a - a +0 hunting sling
Missiles
 e - 34 stones (quivered)
 q - 11 poisoned sling bullets
 u - 3 tomahawks
 v - 14 sling bullets
Armour
 b - a +0 shield (worn)
 p - a +0 scale mail
 s - the +3 leather armour "Omin Lau" {*Contam rC+ Str+2, unknown}
   (You found it on level 5 of the Dungeon)

   It affects your strength (+2).
   It protects you from cold.
   It causes magical contamination when unequipped.
Jewellery
 g - an uncursed ring of positive energy {unknown}
 k - a cursed amulet of inaccuracy {unknown}
Scrolls
 i - 5 scrolls of identify {unknown}
 l - a scroll of enchant weapon {unknown}
 n - 3 scrolls of teleportation {unknown}
 o - a scroll of remove curse {unknown}
 r - 3 scrolls of recharging {unknown}
 w - a scroll of amnesia {unknown}
Potions
 c - a potion of might
 f - a potion of beneficial mutation {unknown}
 h - 2 potions of curing {unknown}
 t - a potion of haste {unknown}
Comestibles
 d - 2 bread rations
 j - 2 meat rations
 m - a beef jerky


   Skills:
 - Level 3.0 Fighting
 - Level 2.4 Armour
 - Level 2.4 Shields
 + Level 6.2 Unarmed Combat


You had 5 spell levels left.
You didn't know any spells.

Dungeon Overview and Level Annotations

Branches:
Dungeon (6/15)
 Temple: D:4-7

Altars:
Nemelex Xobeh
Ru

Annotations:
D:4 Grinder


Innate Abilities, Weirdness & Mutations

You cannot wear boots.
Your serpentine skin is tough (AC +2).
You have supernaturally acute eyesight.
Armour fits poorly on your strangely shaped body.
Your system is resistant to poisons.
You cover ground very slowly.
You have a slow metabolism.
You can spit poison.


Message History

The orc priest miscasts a cantrip.
The orc priest looks braver for a moment.
The orc wizard casts a spell at you. The puff of flame hits you!
* * * LOW HITPOINT WARNING * * *
The adder barely misses you.
The orc priest casts a cantrip, but nothing happens.
You block the adder's attack.
The orc hits you with a hand axe of freezing.
* * * LOW HITPOINT WARNING * * *
The orc freezes you.
* * * LOW HITPOINT WARNING * * *
Grinder gestures.
Grinder blinks!
You block the adder's attack. You block the adder's attack.
The adder bites you.
* * * LOW HITPOINT WARNING * * *
The orc priest invokes the aid of Beogh against you.
Something smites you!
You die...

##### ###....##
##........ ##.@.#
###oS.## ###.o.###
####...o## ###......##
......lo######
......oa.o...#########
.........ol..........##
....5...%..............


You could see an iguana, a worker ant, an orc priest, an orc wizard, an adder
and 3 orcs.

Vanquished Creatures
  An ogre (D:5)
  9 adders
  3 gnolls (D:2)
  3 worms (D:2)
  A giant gecko (D:1)
  5 orcs
  3 giant cockroaches
  6 hobgoblins
  5 jackals (D:2)
  5 kobolds
  2 ball pythons (D:2)
  2 bats
  2 giant newts
  9 goblins
  6 rats
62 creatures vanquished.

Notes
Turn   | Place    | Note
--------------------------------------------------------------
     0 | D:1      | septik the Naga Fighter began the quest for the Orb.
     0 | D:1      | Reached XP level 1. HP: 21/21 MP: 1/1
   286 | D:1      | Reached XP level 2. HP: 28/28 MP: 2/2
  1075 | D:2      | Found a sacrificial altar of Ru.
  1092 | D:2      | Reached XP level 3. HP: 24/34 MP: 3/3
  1439 | D:2      | Reached skill level 4 in Unarmed Combat
  1529 | D:2      | Reached XP level 4. HP: 38/42 MP: 4/4
  2417 | D:2      | Reached skill level 5 in Unarmed Combat
  2425 | D:2      | Reached XP level 5. HP: 45/49 MP: 5/5
  3087 | D:3      | Found a sparkling altar of Nemelex Xobeh.
  3125 | D:3      | You fall through a shaft for 3 floors!
  3140 | D:5      | Entered Level 5 of the Dungeon
  3161 | D:5      | Noticed an ogre
  3174 | D:5      | Killed an ogre
  3174 | D:5      | Reached skill level 6 in Unarmed Combat
  3174 | D:5      | Reached XP level 6. HP: 56/56 MP: 6/6
  3187 | D:5      | Got an ancient leather armour
  3209 | D:4      | Noticed Grinder
  3219 | D:4      | Killed from afar by an orc priest

Action                   |  1- 3 |  4- 6 || total
-------------------------+-------+-------++-------
Melee: Unarmed           |   119 |   161 ||   280
 Fire: Hunting sling     |       |     4 ||     4
Throw: Stone             |     3 |       ||     3
 Abil: Spit Poison       |     6 |    11 ||    17
  Eat: Chunk             |     2 |     4 ||     6
